 Dungeon Sprint DCSS version 0.22.1-2-g9c5b331 (webtiles) character file.

3656 diana the Fighter (level 9, 0/96 HPs)
             Began as a Demigod Fighter on Nov 30, 2018.
             Slain by a black mamba (7 damage)
             ... in the Dungeon (Sprint IX: "|||||||||||||||||||||||||||||").
             The game lasted 00:04:09 (1569 turns).

diana the Fighter (Demigod Fighter)                 Turns: 1569, Time: 00:04:10

Health: 0/96       AC: 12    Str: 21    XL:     9   Next: 58%
Magic:  11/11      EV:  7    Int: 12    God:
Gold:   0          SH: 10    Dex: 22    Spells: 8/8 levels left

rFire    . . .     SeeInvis .   p - +2 scimitar (slice)
rCold    . . .     Gourm    .   c - +0 shield
rNeg     . . .     Faith    .   r - +1 chain mail
rPois    .         Spirit   .   (no helmet)
rElec    .         Reflect  .   (no cloak)
rCorr    .         Harm     .   s - +0 pair of gloves
MR       .....     NoTele   +   q - +0 pair of boots
Stlth    ..........             (no amulet)
HPRegen  0.26/turn              t - +3 ring of dexterity
MPRegen  0.12/turn              (no ring)

@: lethally poisoned (0 -> -20)
A: high mp 1
a: no special abilities


You were in the Dungeon.
You were not hungry.

You visited 1 branch

Inventory:

Hand Weapons
 a - a +0 long sword
 p - a +2 scimitar of slicing (weapon)
Armour
 b - a +0 scale mail
 c - a +0 shield (worn)
 q - a +0 pair of boots (worn)
 r - a +1 chain mail (worn)
 s - a +0 pair of gloves (worn)
Magical Staves
 v - an uncursed staff of energy
Jewellery
 t - a +3 ring of dexterity (left hand)
 u - a +3 ring of intelligence
Wands
 o - a wand of acid (10)
Scrolls
 k - 4 scrolls of blinking
 m - 4 scrolls of remove curse
 n - 2 scrolls of amnesia
 w - 7 scrolls of enchant weapon
 x - a scroll of identify
Potions
 d - 2 potions of might
 e - a potion of invisibility
 g - 4 potions of heal wounds
 h - 2 potions of haste
 i - 4 potions of magic
 j - 2 potions of berserk rage
 l - a potion of curing
Comestibles
 f - a ration


   Skills:
 + Level 14.7 Fighting
 - Level 14.0 Long Blades
 - Level 2.6 Armour
 + Level 3.5 Dodging
 - Level 2.6 Shields


You had 8 spell levels left.
You didn't know any spells.
Your spell library was empty.

Dungeon Overview and Level Annotations

Branches:
Dungeon (1/1)


Innate Abilities, Weirdness & Mutations

You have an increased reservoir of magic. (+10% MP)


Message History

You kill the water moccasin!
You block the bullfrog's attack.
You closely miss the bullfrog.
You feel sick. You block the bullfrog's attack.
You slice the bullfrog!!
You kill the bullfrog!
You feel sick. You block the bullfrog's attack.
You slash the bullfrog!
The bullfrog is heavily wounded.
The bullfrog hits you.
* * * LOW HITPOINT WARNING * * *
You slash the bullfrog!
The bullfrog is almost dead.
You feel sick. The bullfrog barely misses you.
You riposte.
You hit the bullfrog.
You kill the bullfrog!
The black mamba bites you.
* * * LOW HITPOINT WARNING * * *
You are lethally poisoned!
The black mamba poisons you! The black mamba bites you!
You die...

▓.▓_▓
▓.▓.▓_▓
▓.▓.▓_▓
▓.▓.▓_▓
▓.▓.▓_▓
▓.▓.▓_▓
▓l▓.▓_▓
▓S▓.▓_▓
▓@▓.▓_▓
▓.▓.▓_▓
▓.▓.▓_▓
▓.▓.▓_▓
▓.▓.▓_▓
▓.▓.▓_▓
▓.▓.▓_▓
▓.▓.▓_▓
▓.▓.▓_▓


You could see a komodo dragon and a black mamba.

Vanquished Creatures
  A black mamba (D)
  A gargoyle (D)
  2 spiny frogs (D)
  2 komodo dragons (D)
  A troll (D)
  A blink frog (D)
  A basilisk (D)
  A yak (D)
  A soldier ant (D)
  2 water moccasins (D)
  A porcupine (D)
  An ogre (D)
  A phantom (D)
  A sky beast (D)
  2 crocodiles (D)
  5 bullfrogs (D)
  A scorpion (D)
  A killer bee (D)
  A wight (D)
  An adder (D)
  An adder zombie (D)
  2 orcs (D)
  2 bats (D)
  A bat zombie (D)
  A kobold (D)
  A frilled lizard (D)
  A leopard gecko zombie (D)
  A rat (D)
38 creatures vanquished.

Notes
Turn   | Place    | Note
-------+----------+-------------------------------------------
     0 | D        | diana the Demigod Fighter began the quest for the Orb.
     0 | D        | Reached XP level 1. HP: 18/18 MP: 3/3
    10 | D        | Reached skill level 1 in Dodging
   118 | D        | Noticed a scorpion
   125 | D        | Reached XP level 2. HP: 21/26 MP: 4/4
   135 | D        | Killed a scorpion
   135 | D        | Reached skill level 5 in Long Blades
   135 | D        | Reached XP level 3. HP: 29/34 MP: 5/5
   379 | D        | Found a roughly hewn altar of Beogh.
   379 | D        | Found a snail-covered altar of Cheibriados.
   379 | D        | Found a shadowy altar of Dithmenos.
   379 | D        | Found a white marble altar of Elyvilon.
   379 | D        | Found a blossoming altar of Fedhas.
   379 | D        | Found an opulent altar of Gozag.
   380 | D        | Found a hazy altar of Hepliaklqana.
   381 | D        | Found a viscous altar of Jiyva.
   382 | D        | Found an ancient bone altar of Kikubaaqudgha.
   383 | D        | Found a corrupted altar of Lugonu.
   384 | D        | Found a burning altar of Makhleb.
   385 | D        | Found a sparkling altar of Nemelex Xobeh.
   386 | D        | Found an iron altar of Okawaru.
   387 | D        | Found a stormy altar of Qazlal.
   388 | D        | Found a sacrificial altar of Ru.
   389 | D        | Found a deep blue altar of Sif Muna.
   390 | D        | Found a bloodstained altar of Trog.
   391 | D        | Found a hide-covered altar of Uskayaw.
   392 | D        | Found a radiant altar of Vehumet.
   393 | D        | Found an ornate altar of the Wu Jian Council.
   394 | D        | Found a shimmering altar of Xom.
   395 | D        | Found a basalt altar of Yredelemnul.
   396 | D        | Found a glowing silver altar of Zin.
   397 | D        | Found a glowing golden altar of the Shining One.
   450 | D        | Noticed a bullfrog
   450 | D        | Noticed a phantom
   450 | D        | Noticed a bullfrog
   450 | D        | Noticed an ogre
   457 | D        | Killed an ogre
   457 | D        | Reached skill level 5 in Fighting
   457 | D        | Reached XP level 4. HP: 27/44 MP: 6/6
   463 | D        | Killed a bullfrog
   463 | D        | Reached XP level 5. HP: 20/51 MP: 7/7
   491 | D        | Reached XP level 6. HP: 14/60 MP: 8/8
   516 | D        | Reached skill level 10 in Long Blades
   782 | D        | Noticed a gargoyle
   782 | D        | Noticed a soldier ant
   782 | D        | Noticed a troll
   792 | D        | Killed a troll
   792 | D        | Reached XP level 7. HP: 56/69 MP: 9/9
   819 | D        | Killed a gargoyle
  1122 | D        | Noticed a blink frog
  1122 | D        | Noticed a komodo dragon
  1122 | D        | Noticed a yak
  1126 | D        | Killed a yak
  1126 | D        | Reached skill level 10 in Fighting
  1126 | D        | Reached XP level 8. HP: 76/79 MP: 10/10
  1127 | D        | Noticed a spiny frog
  1139 | D        | Killed a komodo dragon
  1158 | D        | Killed a spiny frog
  1508 | D        | Killed a blink frog
  1508 | D        | Reached XP level 9. HP: 92/92 MP: 11/11
  1535 | D        | Noticed a spiny frog
  1535 | D        | Noticed a black mamba
  1535 | D        | Noticed a komodo dragon
  1540 | D        | Killed a komodo dragon
  1541 | D        | Noticed a black mamba
  1544 | D        | Killed a black mamba
  1551 | D        | Noticed a komodo dragon
  1555 | D        | Killed a spiny frog
  1569 | D        | Slain by a black mamba

Skill      XL: |  1  2  3  4  5  6  7  8  9 |
---------------+----------------------------+-----
Long Blades    | 3 5 7 8 9 11 13 14 | 14.0
Fighting       | 3 4 5 6 7 8 10 12 14 | 14.7
Dodging        | 1 3 |  3.5
Armour         | |  2.6
Shields        | |  2.6

Action                   |  1- 3 |  4- 6 |  7- 9 || total
-------------------------+-------+-------+-------++-------
Melee: Long sword        |    33 |    40 |       ||    73
       Scimitar          |       |     9 |   103 ||   112
  Use: Potion            |     2 |     3 |     2 ||     7
  Eat: Chunk             |       |       |     2 ||     2
Armor: Scale mail        |    11 |       |       ||    11
       Chain mail        |       |    25 |    22 ||    47
Dodge: Dodged            |     8 |    19 |    20 ||    47
Block: Shield            |    17 |    29 |    24 ||    70
       Rpst.: Long sword |     3 |     6 |       ||     9
       Scimitar          |       |       |     8 ||     8
